AoeStats
← Mycorrhizal

MegaRandom

510626968Analyzed
3v3 RM · 3h ago on Oct 1, 2026· 33m 0s· 6 players
Game mode
Random Map
Map size
Normal (6 player)
Population
200
Speed
Normal
Resources
Standard
Victory
Conquest
Starting age
Dark Age
Ending age
Imperial Age
RankedLock teamsTeams togetherTeam positionsShared explorationLock speedFull tech treeHidden civsTurbo modeCheats
Victory
Defeat
🇧🇷 Armenians · Brazil
1465
+14
🇨🇦 Maya · Canada
1435
+15
🇩🇪 Koreans · Germany
1373
+19
🇺🇸 Romans · United States
1464
-17
🇺🇸 Mongols · United States
1439
-17
🇺🇸 Persians · United States
1366
-14
_CH_MAC
6:56 Loom
9:18 Feudal Age
9:50 Double-Bit Axe
12:15 Fletching
17:40 Castle Age
15:43 Horse Collar
19:14 Scale Barding Armor
20:20 Husbandry
30:32 Bodkin Arrow
31:30 Town Watch
_CH_weixing
8:51 Feudal Age
9:51 Fishing Lines
10:42 Loom
10:59 Double-Bit Axe
13:04 Fishing Lines
15:22 Wheelbarrow
20:55 Castle Age
19:50 Gold Mining
20:25 Stone Mining
21:54 Bow Saw
22:44 Gillnets
25:33 Ballistas
28:34 Imperial Age
28:40 Imperial Age
28:52 Ballistics
29:33 Capped Ram
33:20 Hand Cart
32:51 Town Watch
32:58 Fletching
33:41 Siege Engineers
Altamar
8:26 Feudal Age
7:28 Loom
9:03 Double-Bit Axe
9:45 Horse Collar
15:23 Wheelbarrow
17:58 Castle Age
17:14 Scale Barding Armor
17:20 Forging
27:02 Husbandry
29:16 Chain Barding Armor
29:32 Iron Casting
29:27 Bloodlines
Oh Bossom
11:00 Feudal Age
12:16 Double-Bit Axe
15:09 Castle Age
13:13 Horse Collar
17:33 Fletching
18:27 Gold Mining
20:46 Ballistics
21:29 Bodkin Arrow
22:44 Bow Saw
25:38 Wheelbarrow
28:10 Loom
28:44 Hand Cart
29:10 Stone Mining
Mycorrhizal
0:28 Loom
9:25 Feudal Age
9:58 Double-Bit Axe
11:22 Horse Collar
13:27 Town Watch
13:58 Fletching
15:49 Padded Archer Armor
21:52 Castle Age
20:11 Stone Mining
21:28 Gold Mining
22:30 Bodkin Arrow
21:59 Crossbowman
22:59 Bow Saw
24:50 Ballistics
25:15 Leather Archer Armor
26:24 Wheelbarrow
32:13 Thumb Ring
GAX | toooasty
8:09 Loom
10:15 Feudal Age
8:35 Loom
11:59 Man-at-Arms
13:52 Fletching
16:43 Long Swordsman
17:24 Scale Mail Armor
23:08 Castle Age
21:04 Double-Bit Axe
21:01 Horse Collar
22:34 Town Watch
22:45 Gold Mining
23:31 Pikeman
24:11 Squires
24:28 Chain Mail Armor
24:30 Bow Saw
27:10 Bodkin Arrow
31:11 Padded Archer Armor
Connection lost

Rejoining the realm…

Still unreachable

The connection could not be restored.

Session expired

The server has moved on; the page needs a fresh start.